 Dungeon Crawl Stone Soup version 0.27.1-1-g398f81649c (webtiles) character file.

Game seed: 16677178213976174609

256 Crownlay the Cleaver (level 6, -2/51 HPs)
             Began as a Hill Orc Fighter on Sept 19, 2021.
             Slain by Duvessa (10 damage)
             ... on level 4 of the Dungeon.
             The game lasted 00:04:38 (3033 turns).

Crownlay the Cleaver (Hill Orc Fighter)             Turns: 3033, Time: 00:04:39

Health: -2/51      AC:  6    Str: 21    XL:     6   Next: 15%
Magic:  6/6        EV:  9    Int:  8    God:
Gold:   80         SH:  0    Dex: 10    Spells: 5/5 levels left

rFire    . . .     SeeInvis .   a - +0 war axe
rCold    . . .     Faith    .   (no shield)
rNeg     . . .     Spirit   .   b - +0 scale mail
rPois    .         Reflect  .   (no helmet)
rElec    .         Harm     .   (no cloak)
rCorr    .         Rampage  .   (no gloves)
Will     .....                  (no boots)
Stlth    ..........             (no amulet)
HPRegen  0.17/turn              (no ring)
MPRegen  0.10/turn              (no ring)

@: mighty
A: no striking features
a: no special abilities


You were on level 4 of the Dungeon.
You visited 2 branches of the dungeon, and saw 5 of its levels.

You collected 80 gold pieces.

Inventory:

Hand Weapons
 a - a +0 war axe (weapon)
Missiles
 k - 12 poisoned darts (quivered)
Armour
 b - a +0 scale mail (worn)
 c - a +0 kite shield
Jewellery
 l - a ring of fire
Scrolls
 e - a scroll of fog
 f - a scroll of noise {unknown}
 i - a scroll of enchant armour
 m - a scroll of teleportation
 n - a scroll of fear
Potions
 d - a potion of might
 g - a potion of flight {unknown}
 h - 2 potions of brilliance {unknown}
 j - a potion of lignification {unknown}
 o - 2 potions of curing {unknown}


   Skills:
 - Level 3.6 Fighting
 + Level 8.3 Axes
 - Level 3.2 Armour
 - Level 3.2 Shields


You had 5 spell levels left.
You didn't know any spells.
Your spell library was empty.

Dungeon Overview and Level Annotations

Branches:
Dungeon (4/15)             Temple (1/1) D:4

Altars:
Ashenzari
Dithmenos
Fedhas
Gozag
Hepliaklqana
Makhleb
Nemelex Xobeh
Qazlal
Ru
Sif Muna
Trog
Uskayaw
Wu Jian
Yredelemnul
Zin
The Shining One

Shops:
D:3 =((

Annotations:
D:4 Dowan, Duvessa


Message History

You barely miss Duvessa. Duvessa hits you with a +0 rapier!
You slash Duvessa!
Duvessa is moderately wounded.
Dowan smirks and points a slender finger.
Duvessa barely misses you.
You closely miss Duvessa.
Duvessa is moderately wounded.
Duvessa barely misses you.
You hit Duvessa but do no damage.
Duvessa is moderately wounded.
Dowan mumbles some strange words.
Dowan blinks!
Duvessa hits you but does no damage.
You hit Duvessa but do no damage.
Duvessa is moderately wounded.
Duvessa hits you but does no damage.
You slash Duvessa!
Duvessa is heavily wounded.
Duvessa says, "When magic and the sword combine, nothing stands against them."
Duvessa drinks a potion.
Duvessa goes berserk!
You barely miss Duvessa.
Duvessa is heavily wounded.
Duvessa hits you with a +0 rapier! Duvessa hits you with a +0 rapier.
You are too injured to fight recklessly!
You are too injured to fight recklessly!
You are too injured to fight recklessly!
You are too injured to fight recklessly!
You are too injured to fight recklessly!
You are too injured to fight recklessly!
You feel very mighty all of a sudden. Duvessa closely misses you.
You slash Duvessa!
Duvessa is severely wounded.
Duvessa misses you.
Dowan gestures wildly while chanting.
Dowan blinks!
Duvessa hits you with a +0 rapier!
* * * LOW HITPOINT WARNING * * *
You hit Duvessa.
Duvessa is severely wounded.
Duvessa hits you with a +0 rapier!
You die...

##########.#########
....................
#.######'##.#########
#...........# #
............# #
###.####.....#
.......'.....#
##########.....#
.e..ยง.e@.......#
.##########....#
....# ....# ....#
..### ..#


You could see Duvessa (berserk) and Dowan.

Vanquished Creatures
  A necrophage (D:4)
  An orc priest (D:4)
  An orc wizard (D:3)
  4 adders
  An adder skeleton (D:4)
  A worm (D:2)
  3 dart slugs
  3 orcs (D:3)
  6 ball pythons
  6 endoplasms
  4 giant cockroaches
  6 goblins
  3 hobgoblins
  2 jackals (D:2)
  7 kobolds
  4 quokkas
  10 bats
  A frilled lizard (D:2)
  6 rats
70 creatures vanquished.

Notes
Turn   | Place    | Note
-------+----------+-------------------------------------------
     0 | D:1      | Crownlay the Hill Orc Fighter began the quest for the Orb.
     0 | D:1      | Reached XP level 1. HP: 19/19 MP: 1/1
    38 | D:1      | Reached skill level 3 in Axes
   132 | D:1      | Reached XP level 2. HP: 22/26 MP: 2/2
   409 | D:1      | Reached skill level 4 in Axes
   978 | D:1      | Reached XP level 3. HP: 31/31 MP: 3/3
  1134 | D:2      | Found a faded altar of an unknown god.
  1354 | D:2      | Found an opulent altar of Gozag.
  1360 | D:2      | Reached skill level 5 in Axes
  1460 | D:2      | Reached XP level 4. HP: 33/39 MP: 4/4
  1770 | D:2      | Reached skill level 6 in Axes
  2129 | D:3      | Found a sacrificial altar of Ru.
  2160 | D:3      | Reached XP level 5. HP: 35/45 MP: 5/5
  2254 | D:3      | Found a hide-covered altar of Uskayaw.
  2255 | D:3      | Found a shadowy altar of Dithmenos.
  2255 | D:3      | Found a glowing golden altar of the Shining One.
  2256 | D:3      | Found a broken altar of Ashenzari.
  2518 | D:3      | Found Qistu's Weapon Shop.
  2616 | D:3      | Found Romeu's Weapon Shoppe.
  2626 | D:3      | Reached skill level 7 in Axes
  2718 | D:3      | Found Zecenat's Jewellery Shop.
  2828 | D:4      | Noticed a necrophage
  2839 | D:4      | Killed a necrophage
  2840 | D:4      | Reached skill level 8 in Axes
  2840 | D:4      | Reached XP level 6. HP: 47/51 MP: 6/6
  2877 | D:4      | Found a staircase to the Ecumenical Temple.
  2886 | Temple   | Entered the Ecumenical Temple
  3020 | D:4      | Noticed Duvessa
  3021 | D:4      | Noticed Dowan
  3033 | D:4      | Slain by Duvessa

Illustrated notes

Levels and vault maps discovered:
D:1:      lightli_arrival_farm, layout_loops_ring
D:2:      layout_loops_ring, basic_altar,
          shapermc_ecumenical_altar_starsandcircs
D:3:      layout_loops_ring, mainiacjoe_overflow_small_starburst,
          chequers_temple_overflow_statue_of_worship, serial_shops, shop,
          nicolae_shop_trees, nicolae_shop_trees
D:4:      layout_basic, minmay_temple_entry_proselytizer, serial_shops,
          nicolae_square_shop, uniq_duvessa
Temple:   eino_wide_crystal_templ

Skill      XL: |  1  2  3  4  5 |
---------------+----------------+-----
Axes           | 3 4 5 6 8 |  8.3
Fighting       | |  3.6
Armour         | |  3.2
Shields        | |  3.2

Action                   |  1- 3 |  4- 6 || total
-------------------------+-------+-------++-------
Melee: War axe           |    97 |    99 ||   196
Throw: Dart              |       |    54 ||    54
  Use: Scroll            |       |     4 ||     4
       Potion            |       |     1 ||     1
Armor: Scale mail        |    63 |    62 ||   125
Dodge: Dodged            |    60 |    54 ||   114
